 Dungeon Crawl Stone Soup version 0.29-a0-676-ga64570c9d2 (webtiles) character file.

Game seed: 13815202667700977811

79 runemasterragnar the Shield-Bearer (level 4, -1/40 HPs)
             Began as a Meteoran Fighter on June 24, 2022.
             Slain by a kobold
             ... wielding a +0 whip
              (2 damage)
             ... in a sewer.
             The game lasted 00:02:52 (591 turns).

runemasterragnar the Shield-Bearer (MeFi)            Turns: 591, Time: 00:02:54

Health: -1/40      AC:  7    Str: 19    XL:     4   Next: 94%
Magic:  5/5        EV:  9    Int: 10    God:
Gold:   45         SH:  5    Dex: 13    Spells: 3/3 levels left

rFire   . . .      SeeInvis .   a - +0 flail
rCold   . . .      Faith    .   c - +0 buckler
rNeg    . . .      Spirit   .   b - +0 scale mail
rPois   .          Reflect  .   (no helmet)
rElec   .          Harm     .   (no cloak)
rCorr   .          Rampage  .   (no gloves)
Will    .....                   (no boots)
Stlth   ..........              (no amulet)
HPRegen 0.13/turn               (no ring)
MPRegen 0.09/turn               (no ring)

@: glowing
A: sense surroundings 1, otherworldly, glowing, explore regen
a: no special abilities


You were in a sewer.
You visited 1 branch of the dungeon, and saw 3 of its levels.
You also visited: Sewer.

You collected 45 gold pieces.

Inventory:

Hand Weapons
 a - a +0 flail (weapon)
Armour
 b - a +0 scale mail (worn)
 c - a +0 buckler (worn)
Scrolls
 f - a scroll of poison
Potions
 d - 2 potions of might
 e - a potion of haste {unknown}
 i - a potion of magic


   Skills:
 + Level 4.0 Fighting
 + Level 3.8 Maces & Flails
 + Level 4.3 Armour
 + Level 4.3 Shields


You had 3 spell levels left.
You didn't know any spells.
Your spell library was empty.

Dungeon Overview and Level Annotations

Branches:
Dungeon (3/15) Zot: 1430    Sewer (1/1) Zot: 327

Altars:


Innate Abilities, Weirdness & Mutations

You passively map a small area around you.
You are easily found by Zot.
You glow in the dark.
You regain HP and MP as you explore.


Message History

You hit the kobold.
The kobold is heavily wounded.
The kobold barely misses you.
You hit the kobold.
The kobold is severely wounded.
The kobold hits you but does no damage. You block the kobold's attack.
The kobold hits you but does no damage.
You thump the kobold!
You kill the kobold!
You block the kobold's attack. The kobold closely misses you.
The kobold hits you but does no damage. x2; You block the kobold's attack.
Your Fighting skill increases to level 4!
You sock the kobold!
You kill the kobold!
The kobold closely misses you. The kobold hits you but does no damage.
The kobold barely misses you. The kobold hits you with a +0 club.
* * * LOW HITPOINT WARNING * * *
There is an open door here.
Items here: ( )))) †††.
The kobold attacks as you move away! The kobold hits you but does no damage.
You barely miss the kobold. You block the kobold's attack.
The kobold hits you but does no damage.
There is an open door here.
Items here: ( )))) †††.
You completely miss the kobold.
The kobold is heavily wounded.
The kobold hits you but does no damage. The kobold barely misses you.
You closely miss the kobold.
The kobold is heavily wounded.
The kobold hits you with a +0 club.
* * * LOW HITPOINT WARNING * * *
You block the kobold's attack. The kobold barely misses you.
The kobold hits you with a +0 whip.
* * * LOW HITPOINT WARNING * * *
You thump the kobold!
You kill the kobold!
The kobold hits you but does no damage.
You closely miss the kobold. The kobold barely misses you.
You closely miss the kobold. The kobold hits you with a +0 whip.
You die...

≈ ≈ * ≈≈## #######
≈≈#.!#..#..###### ###
≈≈#.....#.......## ###..#
≈ #....@).......###.....
*≈≈#!...K#................
≈≈#!.#..#.≈...†....††.##.
≈≈## ####≈.≈##.....†####.
*≈ ≈* ≈#≈≈≈≈≈##≈.....##..
≈ ≈#≈#≈≈≈≈≈≈≈...≈≈≈...
#≈#≈≈≈≈≈≈≈≈≈≈≈≈≈.... #
*≈#≈#≈≈≈≈≈≈≈≈≈≈≈≈≈≈≈≈ #≈≈≈
#≈≈≈≈≈≈≈≈≈≈≈≈≈≈≈≈≈


You could see a kobold.

Vanquished Creatures
  2 adders (D:3)
  2 river rats (Sewer)
  A worm (D:3)
  A dart slug (D:3)
  A bat (D:3)
  A giant cockroach (D:1)
  4 jackals (D:1)
  2 quokkas
  3 ball pythons (Sewer)
  A frilled lizard (Sewer)
  A goblin (D:1)
  11 kobolds
  13 rats
43 creatures vanquished.

Notes
Turn   | Place    | Note
-------+----------+-------------------------------------------
     0 | D:1      | runemasterragnar the Meteoran Fighter began the quest for
                  | the Orb.
     0 | D:1      | Reached XP level 1. HP: 19/19 MP: 2/2
    24 | D:1      | Reached XP level 2. HP: 26/26 MP: 3/3
   174 | D:3      | Reached XP level 3. HP: 24/31 MP: 4/4
   329 | D:3      | Found a glowing drain.
   350 | Sewer    | Entered a sewer
   381 | Sewer    | Reached XP level 4. HP: 39/40 MP: 5/5
   522 | Sewer    | HP: 2/40 [constriction (1)]
   588 | Sewer    | HP: 1/40 [kobold/+0 whip (2)]
   591 | Sewer    | Slain by a kobold

Illustrated notes

Levels and vault maps discovered:
D:1:      sevenhm_arrival_forest_fort_large_4, layout_rooms,
          nicolae_figureground_pulse
D:2:      layout_basic, minmay_indecisive_spiral, uniq_natasha
D:3:      due_chaos_kobolds, layout_basic, gammafunk_ghost_stat_death,
          portal_sewer_entry_d
Sewer:    sewer_minmay_treatment

Skill      XL: |  1  2  3  4 |
---------------+-------------+-----
Maces & Flails | 3 |  3.8
Armour         | 4 |  4.3
Shields        | 4 |  4.3
Fighting       | 4 |  4.0

Action                   |  1- 3 |  4- 6 || total
-------------------------+-------+-------++-------
Melee: Flail             |    68 |    69 ||   137
  Use: Scroll            |     3 |       ||     3
       Potion            |     1 |     2 ||     3
Armor: Scale mail        |    46 |    62 ||   108
Dodge: Dodged            |    33 |    46 ||    79
Block: Buckler           |    16 |    33 ||    49

Table legend: (Time is in decaauts)
 A = Elapsed time spent in this place.
 B = Non-inter-level travel time spent in this place.
 C = Inter-level travel time spent in this place.
 D = Time resting spent in this place.
 E = Time spent auto-exploring this place.
 F = Levels seen in this place.
 G = Mean time per level.
                   A        B        C        D        E       F      G
               +--------+--------+--------+--------+--------+-----+--------+
         Total |    641 |    641 |      0 |     22 |    103 |   4 |  160.2 |
       Dungeon |    369 |    369 |      0 |     22 |     65 |   3 |  123.0 |
         Sewer |    271 |    271 |      0 |      0 |     38 |   1 |  271.0 |
               +--------+--------+--------+--------+--------+-----+--------+

Top non-repeatable levels by time:
   Sewer: 271 daAuts
     D:3: 201 daAuts
     D:1: 153 daAuts
     D:2: 14 daAuts
